 Dungeon Crawl Stone Soup version 0.29.0 (webtiles) character file.

Game seed: 2799214157292836416

19 NinjaNoafa the Changer (level 2, 0/12 HPs)
             Began as a Felid Transmuter on Aug 24, 2022.
             Slain by a quokka (1 damage)
             ... on level 1 of the Dungeon.
             The game lasted 00:01:18 (930 turns).

NinjaNoafa the Changer (Felid Transmuter)            Turns: 930, Time: 00:01:19

Health: 0/12       AC:  1    Str:  6    XL:     2   Next: 55%
Magic:  6/6        EV: 17    Int: 14    God:
Gold:   41         SH:  0    Dex: 16    Spells: 4/5 levels left
                                        Lives:  0   Deaths: 0

rFire   . . .      SeeInvis +     - Unarmed
rCold   . . .      Faith    .   (shield unavailable)
rNeg    . . .      Spirit   .   (body armour unavailable)
rPois   .          Reflect  .   (helmet unavailable)
rElec   .          Harm     .   (cloak unavailable)
rCorr   .          Rampage  .   (gloves unavailable)
Will    .....                   (boots unavailable)
Stlth   +.........              (no amulet)
HPRegen 0.04/turn               (no ring)
MPRegen 0.10/turn               (no ring)

@: appendages, quick
A: horns 2, very small, claws 1, fangs 3, see invisible, speed 1, shaggy fur 1,
stealthy paws, no weapons or thrown items, no armour, multi-lived
a: End Transformation


You were on level 1 of the Dungeon.
You had temporarily grown beastly horns.
You visited 1 branch of the dungeon, and saw 1 of its levels.

You collected 41 gold pieces.

Inventory:

Scrolls
 c - a scroll of enchant weapon {unknown}
 d - a scroll of teleportation {unknown}
 f - a scroll of amnesia {unknown}
Potions
 a - a potion of lignification
 b - a potion of curing {unknown}
 e - a potion of attraction {unknown}


   Skills:
 - Level 1.0 Fighting
 - Level 2.6 Dodging
 - Level 3.0 Unarmed Combat
 - Level 2.0 Spellcasting
 + Level 3.5 Transmutations


You had 4 spell levels left.
You knew the following spells:

 Your Spells              Type           Power      Damage    Failure   Level
a - Beastly Appendage     Tmut           22%        N/A       5%          1

Your spell library contained the following spells:

 Spells                   Type           Power      Damage    Failure   Level
 Wereblood                Tmut           11%        N/A       9%          2
 Spider Form              Tmut/Pois      6%         N/A       34%         3
 Ice Form                 Ice/Tmut       6%         N/A       75%         4


Dungeon Overview and Level Annotations

Branches:
Dungeon (1/15)

Altars:


Innate Abilities, Weirdness & Mutations

You have temporarily grown beastly horns.
You have sharp claws.
You have razor-sharp teeth.
You have supernaturally acute eyesight. (SInv)
You cover ground quickly. (Speed+)
You are covered in fur. (AC +1)
Your paws help you pounce on unaware monsters.
You are incapable of wielding weapons or throwing items.
You cannot wear armour.
You gain extra lives every three experience levels.


Message History

Your transformation is almost over.
Your horns disappear.
f - a scroll labelled XUNOSTAMYU You see here a dart slug corpse.
A frilled lizard comes into view.
Casting: Beastly Appendage (safe; 5% risk of failure)
Confirm with . or Enter, or press ? or * to list all spells.
You grow a pair of large bovine horns.
The frilled lizard hisses angrily.
The frilled lizard bites you but does no damage.
You scratch the frilled lizard.
You kill the frilled lizard!
Your transformation is almost over.
Your horns disappear.
A quokka comes into view.
Casting: Beastly Appendage (safe; 5% risk of failure)
Confirm with . or Enter, or press ? or * to list all spells.
You grow a pair of large bovine horns.
The quokka misses you.
You closely miss the quokka. The quokka completely misses you.
You closely miss the quokka. Your headbutt misses the quokka.
The quokka bites you.
You scratch the quokka but do no damage.
Your claw misses the quokka. The quokka bites you.
You miss the quokka. The quokka closely misses you.
You closely miss the quokka. The quokka barely misses you.
The quokka bites you.
* * * LOW HITPOINT WARNING * * *
You miss the quokka. The quokka barely misses you.
You barely miss the quokka. The quokka misses you.
You scratch the quokka but do no damage.
The quokka bites you.
* * * LOW HITPOINT WARNING * * *
You scratch the quokka. Your headbutt misses the quokka.
Your bite misses the quokka.
The quokka is heavily wounded.
The quokka misses you.
You barely miss the quokka. Your bite misses the quokka.
The quokka is heavily wounded.
The quokka bites you.
You die...

######.## ### #.#.# #
######..## #.### ###...#
....###..# #)..###....##
....#
##.#####........######.#
....#
#..##....####.........#
....# ##....####
##..####### ....#
#..##### #.##
....#####......######.#
.†..............@r..#.#
.....###.......)###.#.#
.....###...###.## #...#
...(..##..##...# ##..#
..###..#.##...## #....
...###...###.## ##.#...
.#.####..#..#.# ..###...
.#......##...### ..# #.
##.######..#...## #..


You could see a quokka.

Vanquished Creatures
  A dart slug (D:1)
  A ball python (D:1)
  An endoplasm (D:1)
  2 giant cockroaches (D:1)
  2 hobgoblins (D:1)
  A kobold (D:1)
  A quokka (D:1)
  A bat (D:1)
  4 frilled lizards (D:1)
  2 goblins (D:1)
16 creatures vanquished.

Notes
Turn   | Place    | Note
-------+----------+-------------------------------------------
     0 | D:1      | NinjaNoafa the Felid Transmuter began the quest for the
                  | Orb.
     0 | D:1      | Reached XP level 1. HP: 9/9 MP: 4/4
   576 | D:1      | Reached XP level 2. HP: 9/12 MP: 4/6
   645 | D:1      | Found a faded altar of an unknown god.
   930 | D:1      | Slain by a quokka

Illustrated notes

Levels and vault maps discovered:
D:1:      lemuel_arrival_tunnels, layout_rooms, basic_ecumenical_altar

Skill      XL: |  1 |
---------------+----+-----
Transmutations | 3 |  3.5
Fighting       | |  1.0
Dodging        | |  2.6
Unarmed Combat | |  3.0
Spellcasting   | |  2.0

Action                   || total
-------------------------++-------
Melee: Unarmed           ||    57
       Headbutt          ||     3
       Bite              ||     1
 Cast: Beastly Appendage ||    11
 Stab: Sleeping          ||     2
Armor: Skin              ||     3
Dodge: Dodged            ||    40
